Map: Central Protocol

Players

LiquidSnute (Snute)

  • Race: Zerg Zerg
  • League: Grandmaster

FireCake - Winner!

  • Race: Zerg Zerg
  • League: Grandmaster

Event: Homestory Cup XII

VOD

Have the link to the VOD?

Description

Time

  • Played on: Dec. 20, 2015, 3:21 p.m.
  • Length: 6:18

All games in this series

Show
View Real Time Build Order
Export as new Build Order

LiquidSnute Zerg 

Build Orders: Pool First, Zergling Baneling 

Get SALT Encoding   

  12  0:00  Drone  
  13  0:07  Drone  
  14  0:20  Drone, Extractor  
  14  0:31  Spawning Pool  
  14  0:35  Drone  
  14  0:44  Drone, Extractor  
  14  0:49  Overlord  
  15  1:18  Zergling x2, Queen  
  18  1:20  Metabolic Boost, Zergling x2  
  18  1:25  Zergling x2  
  20  1:29  Zergling x2  
  21  1:40  Baneling Nest  
  21  1:42  Zergling x2  
  21  1:52  Overlord  
  21  2:01  Zergling x2  
  22  2:12  Zergling x2  
  23  2:24  Zergling x2  
  23  2:25  Baneling x2  
  23  2:27  Zergling x6  
  26  2:46  Zergling x2  
  25  2:53  Baneling x2  
  25  2:54  Baneling  
  25  2:56  Zergling x2  
  26  3:02  Drone x3  
  29  3:08  Baneling  
  29  3:16  Overlord  
  28  3:31  Drone  
  29  3:36  Hatchery, Drone x2  
  29  3:37  Drone  
  31  3:41  Baneling  
  31  3:50  Queen  
  31  4:10  Roach Warren  
  30  4:17  Overlord  
  30  4:18  Drone x3  
  30  4:21  Drone  
  34  4:26  Baneling x2  
  34  4:27  Baneling x2  
  34  4:33  Overlord  
  34  4:35  Drone  
  35  4:40  Drone  
  36  4:55  Drone x4  
  36  4:59  Baneling  
  40  5:00  Baneling x3  
  40  5:05  Queen  
  36  5:22  Roach  
  36  5:24  Drone x4  
  29  5:41  Zergling x4  
  27  5:45  Zergling x2  
  27  5:49  Zergling x2  
  30  5:50  Zergling x2  
Show
View Real Time Build Order
Export as new Build Order

FireCake Zerg - Winner!

Build Orders: Pool First, Zergling Baneling 

Get SALT Encoding   

  12  0:00  Drone  
  13  0:09  Drone  
  14  0:16  Overlord  
  14  0:23  Drone, Extractor  
  15  0:34  Drone x2  
  17  0:44  Spawning Pool  
  17  0:48  Drone  
  17  0:55  Drone  
  18  1:06  Extractor  
  17  1:13  Hatchery  
  17  1:16  Drone  
  17  1:19  Drone  
  18  1:27  Drone  
  18  1:32  Queen  
  21  1:37  Zergling x2  
  22  1:48  Overlord  
  22  2:06  Drone  
  22  2:07  Queen  
  25  2:14  Baneling Nest  
  24  2:16  Zergling x2  
  24  2:21  Spine Crawler  
  24  2:24  Zergling x2  
  24  2:29  Zergling x2  
  28  2:38  Zergling x4  
  29  2:50  Zergling x8  
  28  2:55  Zergling x2  
  27  3:02  Baneling x2  
  27  3:03  Metabolic Boost  
  27  3:05  Queen  
  29  3:13  Baneling  
  29  3:17  Zergling x8  
  32  3:24  Overlord  
  32  3:31  Baneling  
  32  3:33  Overlord  
  32  3:37  Baneling  
  32  3:50  Baneling x2  
  32  3:53  Overlord  
  31  4:13  Hatchery  
  31  4:16  Drone x2  
  32  4:22  Zergling x4  
  34  4:27  Zergling x2  
  34  4:28  Zergling x2  
  34  4:31  Zergling x2  
  37  4:46  Zergling x2  
  37  4:47  Zergling x6  
  41  4:54  Baneling x5  
  41  5:12  Zergling x2  
  41  5:13  Zergling x4  
  42  5:17  Zergling x6  
  40  5:27  Zergling x2  
  40  5:28  Zergling x2  
  35  5:37  Zergling x2  
  35  5:40  Zergling x2  
  37  5:46  Drone  
  37  5:47  Drone x3  
  41  5:57  Drone x2  
  41  6:04  Drone x4  
Tags
 
Add a new tag
Caveats
  • Supply blocks, unpowered buildings, or Contaminate may cause inaccurate times.
  • Supply counts are checked every 10 seconds.